[Event "Titled Tuesday Blitz November 22 Early 2022"]
[White "Izuzquiza Gonzalez, Javier"]
[Black "Shuvalova, Polina"]
[WhiteFideId "3101029"]
[BlackFideId "24171760"]
[WhiteElo "2034"]
[BlackElo "2342"]
[Result "1-0"]
[Round "01"]
[TimeControl "180+1"]
[Date "2022.11.23"]
[WhiteClock "0:00:13"]
[BlackClock "0:00:01"]

1. d4 Nf6 2. c4 e6 3. Nf3 d5 4. g3 Bb4+ 5. Bd2 Be7 6. Bg2 Nbd7 7. O-O O-O 8. Qc2 c6 9. Nc3 a5 10. Bf4 h6 11. Rfe1 dxc4 12. Rad1 Nd5 13. a3 b5 14. Bc1 Ba6 15. e4 Nxc3 16. bxc3 Nb6 17. Ne5 Qc7 18. Bf4 Bd6 19. h4 Rad8 20. Qc1 Rfe8 21. g4 f6 22. Ng6 Bxf4 23. Nxf4 Bc8 24. g5 fxg5 25. hxg5 hxg5 26. Nh3 g4 27. Nf4 e5 28. Ng6 exd4 29. cxd4 Nd7 30. Qg5 Nf8 31. Nh4 Qe7 32. Qh5 Qf7 33. Qg5 Ne6 34. Qe3 Nf4 35. e5 Nxg2 36. Kxg2 Qd5+ 37. Kg3 Rf8 38. Qg5 Rf3+ 39. Nxf3 Qxf3+ 40. Kh2 Qxf2+ 41. Kh1 Rf8 42. Rf1 Qxf1+ 43. Rxf1 Rxf1+ 44. Kg2 Rf8 45. Qe7 Bf5 46. Qc5 Be4+ 47. Kg3 Bd5 48. e6 Bxe6 49. Qxc6 Rf6 50. Qa8+ Kh7 51. Qxa5 Rf3+ 52. Kg2 Rf5 53. Qc7 Bd5+ 54. Kg3 Bf3 55. a4 bxa4 56. Qxc4 a3 57. Qc2 g6 58. Qa2 Rd5 59. Qxa3 Kg7 60. Qe7+ Kh6 61. Qh4+ Kg7 62. Qe7+ Kh6 63. Qf8+ Kh7 64. Qf6 Rf5 65. Qe7+ Kh6 66. Qh4+ Kg7 67. Qe7+ Rf7 68. Qe5+ Kg8 69. d5 Kf8 70. d6 Rd7 71. Qh8+ Kf7 72. Qe5 Kf8 73. Kh4 Kf7 74. Kg5 Kf8 75. Kxg6 1-0


[Site "https://www.chess.com"]

[Event "Titled Tuesday Blitz November 22 Early 2022"]
[White "Jain, Naveen"]
[Black "Donchenko, Alexander"]
[WhiteFideId "5003970"]
[BlackFideId "24603295"]
[WhiteElo "2036"]
[BlackElo "2572"]
[Result "0-1"]
[Round "01"]
[TimeControl "180+1"]
[Date "2022.11.23"]
[WhiteClock "0:00:06"]
[BlackClock "0:00:46"]

1. c4 Nf6 2. g3 g6 3. Bg2 Bg7 4. Nc3 O-O 5. Nf3 d6 6. O-O e5 7. d3 a5 8. Rb1 c6 9. a3 Re8 10. b4 axb4 11. axb4 d5 12. cxd5 cxd5 13. Bg5 h6 14. Bxf6 Bxf6 15. e4 dxe4 16. dxe4 Nc6 17. Qxd8 Bxd8 18. Nd5 Kg7 19. Ra1 Rxa1 20. Rxa1 Bd7 21. b5 Ne7 22. Ra7 Bxb5 23. Rxb7 Bc6 24. Ra7 Nxd5 25. exd5 Bxd5 26. Rd7 Be6 27. Ra7 Bf6 28. h3 Rb8 29. Nd2 Rb2 30. Ne4 Bd8 31. Nc5 Bc4 32. Rb7 Rxb7 33. Nxb7 Be7 34. Na5 Bd3 35. Nc6 Bd6 36. Bd5 f5 37. Kg2 Kf6 38. f3 g5 39. Na5 Bc5 40. Nc4 Bd4 41. g4 e4 42. gxf5 e3 43. Nxe3 Bxe3 44. Kg3 Bxf5 45. h4 Bf4+ 46. Kg2 gxh4 47. Kh1 Ke5 48. Be4 Be6 49. Kg2 Kd4 50. Kh1 Ke3 51. Kg2 h3+ 52. Kh1 Kf2 53. Bc6 Kg3 54. Ba8 Bc4 55. Bc6 Bf1 56. Bb5 Bg2+ 0-1


[Site "https://www.chess.com"]

[Event "Titled Tuesday Blitz November 22 Early 2022"]
[White "Jarmula, Lukasz"]
[Black "Leve, Nitai"]
[WhiteFideId "1160664"]
[BlackFideId "2006898"]
[WhiteElo "2357"]
[BlackElo "2144"]
[Result "1-0"]
[Round "01"]
[TimeControl "180+1"]
[Date "2022.11.23"]
[WhiteClock "0:01:50"]
[BlackClock "0:00:02"]

1. e4 e6 2. d4 d5 3. Nd2 Nf6 4. e5 Nfd7 5. Bd3 c5 6. c3 Nc6 7. Ngf3 cxd4 8. cxd4 g6 9. O-O Bg7 10. Nb3 O-O 11. Bg5 f6 12. exf6 Nxf6 13. Qd2 Qc7 14. Rfe1 e5 15. dxe5 Ng4 16. Bf4 Ncxe5 17. Nxe5 Rxf4 18. Rac1 Qd6 19. Qxf4 Bxe5 20. Rxc8+ Rxc8 21. Qxg4 Bxh2+ 22. Kf1 Rf8 23. Qe6+ Qxe6 24. Rxe6 Bg3 25. Re2 Bd6 26. Nd4 Rc8 27. Rc2 Re8 28. Nb5 1-0


[Site "https://www.chess.com"]

[Event "Titled Tuesday Blitz November 22 Early 2022"]
[White "Jeet, Jain"]
[Black "Deac, Bogdan-Daniel"]
[WhiteFideId "5073022"]
[BlackFideId "1226380"]
[WhiteElo "2067"]
[BlackElo "2648"]
[Result "0-1"]
[Round "01"]
[TimeControl "180+1"]
[Date "2022.11.22"]
[WhiteClock "0:00:05"]
[BlackClock "0:00:15"]

1. Nf3 g6 2. d4 Bg7 3. Nc3 d6 4. e4 Nf6 5. h3 O-O 6. Bf4 c6 7. Qd2 Qa5 8. e5 dxe5 9. Nxe5 Be6 10. Nc4 Qd8 11. a4 Na6 12. Be2 Nd5 13. Nxd5 Qxd5 14. Ne3 Qe4 15. Bg5 Qxd4 16. Qxd4 Bxd4 17. c3 Bf6 18. Bxf6 exf6 19. Bxa6 bxa6 20. O-O-O f5 21. Rd6 Rfc8 22. f4 h5 23. Rhd1 Kf8 24. Kc2 Rab8 25. c4 Rb4 26. b3 Ke7 27. R6d3 a5 28. Kc3 Rcb8 29. Rb1 Rxa4 30. Rb2 Rab4 31. Nc2 R4b6 32. Nd4 c5 33. Nb5 a6 34. Nc7 a4 35. Kc2 Bxc4 36. Nd5+ Bxd5 37. Rxd5 Rxb3 38. Rxb3 axb3+ 39. Kb2 Rb5 40. h4 c4 41. Rd4 c3+ 0-1


[Site "https://www.chess.com"]

[Event "Titled Tuesday Blitz November 22 Early 2022"]
[White "Johnson, Ben"]
[Black "Danielian, Vardan"]
[WhiteFideId "2010917"]
[BlackFideId "13301594"]
[WhiteElo "2151"]
[BlackElo "2550"]
[Result "0-1"]
[Round "01"]
[TimeControl "180+1"]
[Date "2022.11.23"]
[WhiteClock "0:00:28"]
[BlackClock "0:01:29"]

1. Nf3 Nf6 2. c4 g6 3. b3 Bg7 4. Bb2 O-O 5. g3 d6 6. d4 e5 7. dxe5 Ng4 8. Bg2 Nc6 9. O-O Re8 10. Qd2 Ncxe5 11. Nxe5 Nxe5 12. e4 Bh3 13. f4 Bxg2 14. Kxg2 Nd7 15. Bxg7 Kxg7 16. Nc3 Nf6 17. Rae1 Kg8 18. h3 Qe7 19. Qd4 c6 20. Rf2 a6 21. Rfe2 Rad8 22. Kf3 Nd7 23. b4 Nf8 24. a3 h5 25. Qb6 h4 26. g4 g5 27. Qe3 gxf4 28. Qxf4 Ng6 29. Qh6 Qe5 30. Rg2 Qxc3+ 0-1


[Site "https://www.chess.com"]

[Event "Titled Tuesday Blitz November 22 Early 2022"]
[White "Kamsky, Gata"]
[Black "Fiol, Fabrice"]
[WhiteFideId "2000024"]
[BlackFideId "611670"]
[WhiteElo "2666"]
[BlackElo "2448"]
[Result "1-0"]
[Round "01"]
[TimeControl "180+1"]
[Date "2022.11.23"]
[WhiteClock "0:01:23"]
[BlackClock "0:00:20"]

1. e4 c5 2. Nf3 e6 3. d4 cxd4 4. Nxd4 a6 5. Bd3 Nc6 6. Nxc6 dxc6 7. O-O e5 8. a4 Nf6 9. Nd2 Bc5 10. a5 Bg4 11. Qe1 Qc7 12. Nb3 Ba7 13. Be3 O-O 14. Bxa7 Rxa7 15. Qc3 Nd7 16. Bc4 Raa8 17. f3 Bh5 18. Rfd1 Rad8 19. Rd3 Nf6 20. Qb4 Rxd3 21. Bxd3 Nd7 22. Bc4 Kh8 23. Rd1 Re8 24. Qd6 Qxd6 25. Rxd6 Nf8 26. Nc5 Rb8 27. g4 Bg6 28. h4 h5 29. g5 Kh7 30. Kf2 b5 31. axb6 Rxb6 32. b3 a5 33. Rd8 Ne6 34. Bxe6 fxe6 35. Nd7 1-0


[Site "https://www.chess.com"]

[Event "Titled Tuesday Blitz November 22 Early 2022"]
[White "Karas, Marek"]
[Black "Indjic, Aleksandar"]
[WhiteFideId "14928558"]
[BlackFideId "911925"]
[WhiteElo "2220"]
[BlackElo "2592"]
[Result "0-1"]
[Round "01"]
[TimeControl "180+1"]
[Date "2022.11.22"]
[WhiteClock "0:00:02"]
[BlackClock "0:00:19"]

1. d4 Nf6 2. Nf3 e6 3. c4 c5 4. g3 cxd4 5. Nxd4 Qc7 6. Qd3 Nc6 7. Nxc6 dxc6 8. Bg2 e5 9. Nc3 Be6 10. b3 Rd8 11. Qc2 h5 12. h4 Be7 13. Bg5 Ng4 14. Bxe7 Qxe7 15. Rd1 O-O 16. O-O f5 17. Rxd8 Rxd8 18. Rd1 g5 19. Rxd8+ Qxd8 20. Qd1 Qxd1+ 21. Nxd1 gxh4 22. gxh4 Kf7 23. e3 Ke7 24. Kf1 Kd6 25. Ke1 Kc5 26. Kd2 Kb4 27. Kc2 a5 28. Kb2 a4 29. Bf3 f4 30. exf4 exf4 31. Be4 Ne5 32. f3 axb3 33. axb3 b5 34. cxb5 cxb5 35. Nc3 Bxb3 36. Ne2 Bf7 37. Nxf4 Kc4 38. Ne2 b4 39. Bc2 Kc5 40. Be4 Nc4+ 41. Kc2 Ne3+ 42. Kb2 Ng2 43. Ng3 Nxh4 44. f4 Kd4 45. Kc2 Ke3 46. f5 Kf4 47. Nxh5+ Kxe4 48. Ng3+ Kd4 49. Kb2 Nf3 50. Ne2+ Kc5 51. Nf4 Ne5 52. f6 Kd4 53. Ne2+ Ke3 54. Ng3 Nd3+ 55. Kc2 b3+ 56. Kb1 Kd4 57. Ne2+ Kc4 0-1


[Site "https://www.chess.com"]

[Event "Titled Tuesday Blitz November 22 Early 2022"]
[White "Kilic, Eray"]
[Black "Mohammed, Zozek Salah Mohammed"]
[WhiteFideId "44517173"]
[BlackFideId "4803361"]
[WhiteElo "2328"]
[BlackElo "2199"]
[Result "1-0"]
[Round "01"]
[TimeControl "180+1"]
[Date "2022.11.23"]
[WhiteClock "0:02:37"]
[BlackClock "0:02:08"]

1. e4 c5 2. Nf3 d6 3. d4 cxd4 4. Nxd4 Nf6 5. Nc3 a6 6. h3 e5 7. Nde2 h5 8. Bg5 Be6 9. g3 Nbd7 10. Bg2 Be7 11. O-O Rc8 12. Qd2 b5 13. a3 Qc7 14. Rad1 Nb6 15. b3 Nbd7 16. Nd5 Bxd5 17. exd5 Qxc2 18. Rc1 1-0


[Site "https://www.chess.com"]

[Event "Titled Tuesday Blitz November 22 Early 2022"]
[White "Kim, Sergey"]
[Black "Osmonbekov, Talaibek"]
[WhiteFideId "13700570"]
[BlackFideId "2017253"]
[WhiteElo "2601"]
[BlackElo "2135"]
[Result "1-0"]
[Round "01"]
[TimeControl "180+1"]
[Date "2022.11.23"]
[WhiteClock "0:00:14"]
[BlackClock "0:00:06"]

1. d4 e6 2. c4 f5 3. g3 Nf6 4. Bg2 Be7 5. Nh3 O-O 6. O-O d6 7. Nf4 e5 8. Nd5 c6 9. Nxe7+ Qxe7 10. dxe5 dxe5 11. b3 Na6 12. Ba3 Nb4 13. Nc3 a5 14. Bb2 Be6 15. a3 Rad8 16. Qc1 Na6 17. Na4 Bf7 18. Qc2 Bg6 19. Rad1 Rde8 20. Qc3 h5 21. Qxa5 h4 22. Qc3 Ng4 23. c5 Nc7 24. Nb6 Nb5 25. Qc2 Qg5 26. e3 hxg3 27. hxg3 Qh5 28. Rfe1 Qh2+ 29. Kf1 Rf6 30. a4 f4 31. Qc4+ Bf7 32. Qe2 fxg3 33. f3 Nf2 34. axb5 cxb5 35. Rd7 Bxb3 36. Rc1 Nh3 37. Ke1 1-0


[Site "https://www.chess.com"]

[Event "Titled Tuesday Blitz November 22 Early 2022"]
[White "Kiseljova, Marya"]
[Black "Padmini, Rout"]
[WhiteFideId "4155009"]
[BlackFideId "5029295"]
[WhiteElo "1907"]
[BlackElo "2296"]
[Result "0-1"]
[Round "01"]
[TimeControl "180+1"]
[Date "2022.11.23"]
[WhiteClock "0:00:01"]
[BlackClock "0:00:29"]

1. d4 Nf6 2. c4 e6 3. Nf3 d5 4. g3 Be7 5. Bg2 O-O 6. O-O dxc4 7. Qc2 a6 8. a4 Bd7 9. Qxc4 Bc6 10. Rd1 Nbd7 11. Nc3 Ne4 12. Bf4 Nxc3 13. bxc3 Nb6 14. Qb3 Bd5 15. Qc2 f5 16. Ne5 Bxg2 17. Kxg2 Qd5+ 18. f3 Bd6 19. e4 fxe4 20. fxe4 Qa5 21. Qb3 Rf6 22. Rf1 Raf8 23. Ng4 Rg6 24. Ne5 Bxe5 25. Bxe5 Rxf1 26. Rxf1 Qxa4 27. Qxa4 Nxa4 28. Bxc7 Nxc3 29. Re1 Rf6 30. e5 Rf7 31. Bd6 Nd5 32. Rb1 h6 33. h4 h5 34. Bb8 Kh7 35. Bd6 Rd7 36. Rb3 Kg6 37. Bc5 Kf5 38. Rf3+ Ke4 39. Kf2 b6 40. Bxb6 Nxb6 41. Rf4+ Kd5 42. Ke3 a5 43. g4 hxg4 44. Rxg4 a4 45. Kd3 a3 46. Kc3 a2 47. Kb2 Ra7 48. Ka1 Nc4 49. h5 Nd2 50. Rg3 Nc4 51. h6 gxh6 52. Rh3 Rb7 53. Kxa2 Rb2+ 0-1


[Site "https://www.chess.com"]

[Event "Titled Tuesday Blitz November 22 Early 2022"]
[White "Kodinets, Konstantin L."]
[Black "Alekseenko, Kirill"]
[WhiteFideId "4122011"]
[BlackFideId "4135539"]
[WhiteElo "2447"]
[BlackElo "2682"]
[Result "0-1"]
[Round "01"]
[TimeControl "180+1"]
[Date "2022.11.22"]
[WhiteClock "0:00:41"]
[BlackClock "0:00:59"]

1. d4 d5 2. Nf3 Nf6 3. Bf4 Nh5 4. e3 Nxf4 5. exf4 Bf5 6. c3 e6 7. Qb3 Qc8 8. Nbd2 Bd6 9. g3 h6 10. Be2 Nd7 11. O-O O-O 12. Rfe1 c5 13. Bf1 a6 14. a4 c4 15. Qd1 b5 16. Ne5 b4 17. a5 Rb8 18. Qa4 Nxe5 19. fxe5 Be7 20. f4 Rb5 21. Qd1 Qc7 22. g4 Bh7 23. Qf3 Rxa5 24. Qh3 Rxa1 25. Rxa1 bxc3 26. bxc3 Qb6 27. Qe3 a5 28. Nf3 Ra8 29. h4 a4 30. f5 a3 31. f6 Bf8 32. g5 Qb2 33. fxg7 Bxg7 34. Re1 h5 35. Re2 Qxe2 36. Qxe2 a2 37. Nd2 a1=Q 38. Qxh5 Qxc3 0-1


[Site "https://www.chess.com"]

[Event "Titled Tuesday Blitz November 22 Early 2022"]
[White "Koridze, Lile"]
[Black "Stefanova, Antoaneta"]
[WhiteFideId "13612514"]
[BlackFideId "2902257"]
[WhiteElo "2050"]
[BlackElo "2426"]
[Result "0-1"]
[Round "01"]
[TimeControl "180+1"]
[Date "2022.11.23"]
[WhiteClock "0:00:03"]
[BlackClock "0:00:08"]

1. d4 d5 2. c4 c6 3. Nf3 e6 4. e3 f5 5. Nbd2 Bd6 6. Bd3 Qf6 7. O-O Ne7 8. b3 g5 9. Bb2 Ng6 10. Ne5 Nxe5 11. dxe5 Bxe5 12. Qh5+ Kf8 13. Bxe5 Qxe5 14. Qxg5 Rg8 15. Qh4 Kg7 16. Nf3 Qf6 17. Qg3+ Kh8 18. Qe5 Nd7 19. Qxf6+ Nxf6 20. Ne5 Bd7 21. Nf7+ Kg7 22. Ne5 Rac8 23. f4 Be8 24. Rf3 Bg6 25. Rc1 Rgd8 26. Rg3 d4 27. Re1 Nh5 28. Rf3 dxe3 29. g3 c5 30. Rfxe3 Rd6 31. Bc2 Kf6 32. Nd3 Ng7 33. Re5 b6 34. Nf2 Rcd8 35. R1e2 Bh5 36. R2e3 Rd2 37. Rd3 R8xd3 38. Bxd3 Rxa2 39. h3 Bf3 40. g4 Rb2 41. Re3 Bc6 42. Be2 a5 43. g5+ Ke7 44. Bf1 a4 45. bxa4 Rb4 46. a5 bxa5 47. Nd3 Rb1 48. Nxc5 a4 49. Kf2 Ra1 50. Bd3 a3 51. Nb3 Rh1 52. Re2 Rxh3 53. Bc2 a2 54. Nd4 Bb7 55. Re1 Ra3 56. Nb3 Ne8 57. Ke3 Nd6 58. Kd4 Be4 59. Kc3 Bxc2 60. Kxc2 Nxc4 61. Ra1 Ne3+ 62. Kc3 Nd5+ 63. Kb2 Ra4 64. Rxa2 Rxa2+ 65. Kxa2 Nxf4 66. Nd4 Nh3 67. Nf3 Kd6 68. Kb3 e5 69. Kc4 e4 70. Nh4 Ke5 71. g6 hxg6 72. Nxg6+ Kf6 73. Nh4 f4 74. Kd4 Kg5 75. Ng2 f3 76. Ne3 Kf4 77. Nd5+ Kg3 78. Kxe4 Ng5+ 79. Kf5 f2 80. Ne3 Kf3 81. Nf1 Ne4 82. Ke5 Ng3 83. Nd2+ Ke2 84. Nf1 Kxf1 0-1


[Site "https://www.chess.com"]

[Event "Titled Tuesday Blitz November 22 Early 2022"]
[White "Kosakowski, Jakub"]
[Black "Donskov, Anatoly"]
[WhiteFideId "1185080"]
[BlackFideId "24143413"]
[WhiteElo "2463"]
[BlackElo "2219"]
[Result "1-0"]
[Round "01"]
[TimeControl "180+1"]
[Date "2022.11.23"]
[WhiteClock "0:00:34"]
[BlackClock "0:00:02"]

1. e4 c5 2. Nf3 e6 3. d4 cxd4 4. Nxd4 Nf6 5. Nc3 Nc6 6. Nxc6 bxc6 7. e5 Nd5 8. Ne4 Qc7 9. f4 Rb8 10. c4 Bb4+ 11. Ke2 f5 12. exf6 Nxf6 13. Nxf6+ gxf6 14. Be3 d5 15. Rc1 Bd6 16. Qd2 O-O 17. g3 Ba6 18. Kf2 Bb4 19. Qc2 d4 20. Bxd4 e5 21. Be3 Rbd8 22. c5 Bxf1 23. Rhxf1 Kh8 24. a3 exf4 25. gxf4 Qe7 26. axb4 Rde8 27. Qc3 Qe6 28. Rg1 Rg8 29. Rxg8+ Rxg8 30. Rg1 Rf8 31. Bd4 Qf5 32. Qe3 h5 33. Rg5 Qc2+ 34. Kg3 Qh7 35. Qe6 Qh6 36. Qf5 h4+ 37. Kh3 1-0


[Site "https://www.chess.com"]

[Event "Titled Tuesday Blitz November 22 Early 2022"]
[White "Kouskoutis, Georgios-Alexandros"]
[Black "Bluebaum, Matthias"]
[WhiteFideId "4234049"]
[BlackFideId "24651516"]
[WhiteElo "2187"]
[BlackElo "2633"]
[Result "0-1"]
[Round "01"]
[TimeControl "180+1"]
[Date "2022.11.22"]
[WhiteClock "0:00:01"]
[BlackClock "0:00:26"]

1. Nf3 d5 2. g3 Nf6 3. Bg2 e6 4. O-O Be7 5. b3 O-O 6. Bb2 a5 7. c4 c6 8. d3 Nbd7 9. Nbd2 a4 10. Qc2 a3 11. Bc3 c5 12. e3 b6 13. d4 Bb7 14. dxc5 bxc5 15. Rfd1 Qb6 16. Rac1 Rfd8 17. cxd5 exd5 18. Ne5 Nxe5 19. Bxe5 Rac8 20. Qf5 h6 21. e4 Qe6 22. Qxe6 fxe6 23. Bh3 Rc6 24. exd5 exd5 25. Nf1 d4 26. Bg2 Nd5 27. Bf4 Nxf4 28. gxf4 Rg6 29. Ng3 Bxg2 30. Kxg2 Bd6 31. Kf1 Rf6 32. Ne4 Rf5 33. Nxd6 Rxd6 34. Rd3 Rdf6 35. Rc2 Rxf4 36. b4 c4 37. Rxc4 Rxf2+ 38. Kg1 Rxa2 39. Rdxd4 Ra1+ 40. Kg2 a2 41. Rc8+ Kh7 42. Ra8 Rg6+ 43. Kh3 h5 44. Rd2 Rb1 45. Raxa2 Rb3+ 46. Kh4 Rg4+ 47. Kxh5 Rbxb4 48. Rd6 g6+ 49. Rxg6 Rxg6 50. Ra7+ Rg7 0-1


[Site "https://www.chess.com"]

[Event "Titled Tuesday Blitz November 22 Early 2022"]
[White "Kovacevic, Radmila"]
[Black "Principe, Gerson"]
[WhiteFideId "933171"]
[BlackFideId "3804550"]
[WhiteElo "2208"]
[BlackElo "2280"]
[Result "1-0"]
[Round "01"]
[TimeControl "180+1"]
[Date "2022.11.23"]
[WhiteClock "0:01:30"]
[BlackClock "0:00:18"]

1. e4 c5 2. Be2 Nc6 3. f4 g6 4. Nf3 Bg7 5. O-O d5 6. d3 Bg4 7. c3 dxe4 8. dxe4 Bxf3 9. Bxf3 Qxd1 10. Rxd1 e5 11. Na3 Nf6 12. fxe5 Nxe5 13. Nb5 O-O 14. Bf4 Nxf3+ 15. gxf3 a6 16. Nc7 Rac8 17. h3 Rfd8 18. Kf2 h6 19. Ke2 Bf8 20. Rd2 Rxd2+ 21. Kxd2 Nh5 22. Bh2 Rd8+ 23. Ke2 Bd6 24. Rd1 Bxc7 25. Bxc7 Rxd1 26. Kxd1 Nf6 27. Bd6 Nd7 28. Kc2 f5 29. Kd3 b5 30. a4 Kf7 31. axb5 axb5 32. b4 cxb4 33. Bxb4 Ke6 34. Kd4 Ne5 35. f4 Nf3+ 36. Ke3 fxe4 37. Kxe4 Nd2+ 38. Kd3 Nc4 39. Bf8 h5 40. Kd4 Nd2 41. Bh6 Kd6 42. f5 gxf5 43. Bxd2 Ke6 44. Bf4 1-0


[Site "https://www.chess.com"]

[Event "Titled Tuesday Blitz November 22 Early 2022"]
[White "Kravtsiv, Martyn"]
[Black "Khandelwal, Ankush"]
[WhiteFideId "14113147"]
[BlackFideId "413470"]
[WhiteElo "2694"]
[BlackElo "2271"]
[Result "1-0"]
[Round "01"]
[TimeControl "180+1"]
[Date "2022.11.23"]
[WhiteClock "0:00:50"]
[BlackClock "0:00:23"]

1. e4 c5 2. Nf3 d6 3. Bb5+ Nd7 4. d4 cxd4 5. Qxd4 a6 6. Bxd7+ Bxd7 7. O-O e5 8. Qd3 Rc8 9. c4 b5 10. Na3 Qb6 11. cxb5 axb5 12. Bd2 Nf6 13. Bb4 Bc6 14. Rac1 Rb8 15. Rfe1 Be7 16. Nh4 Ng4 17. Qg3 Nxf2 18. Kf1 Bxh4 19. Qxh4 Nd3 20. Bxd6 Rd8 21. Qe7# 1-0


[Site "https://www.chess.com"]

[Event "Titled Tuesday Blitz November 22 Early 2022"]
[White "Krzywda, Andrzej"]
[Black "Boruchovsky, Avital"]
[WhiteFideId "1114565"]
[BlackFideId "2800055"]
[WhiteElo "2149"]
[BlackElo "2458"]
[Result "0-1"]
[Round "01"]
[TimeControl "180+1"]
[Date "2022.11.23"]
[WhiteClock "0:01:34"]
[BlackClock "0:02:14"]

1. d4 Nf6 2. c4 g6 3. Nc3 d5 4. cxd5 Nxd5 5. e4 Nxc3 6. bxc3 Bg7 7. Bc4 c5 8. Ne2 O-O 9. Be3 Nc6 10. O-O Bg4 11. f3 Bd7 12. Rb1 Qc7 13. Bd3 e6 14. h4 Rfd8 15. h5 Be8 16. h6 Bh8 17. Rc1 cxd4 18. cxd4 Qb6 19. e5 Nxe5 20. Bg5 Rxd4 21. Nxd4 Qxd4+ 22. Kh2 Nxd3 23. Rc7 Be5+ 0-1


[Site "https://www.chess.com"]

[Event "Titled Tuesday Blitz November 22 Early 2022"]
[White "Kulkarni, Vikramaditya"]
[Black "Melikyan, Gnel"]
[WhiteFideId "5009847"]
[BlackFideId "54109990"]
[WhiteElo "2273"]
[BlackElo "2138"]
[Result "1/2-1/2"]
[Round "01"]
[TimeControl "180+1"]
[Date "2022.11.23"]
[WhiteClock "0:00:18"]
[BlackClock "0:00:09"]

1. e4 c5 2. Nf3 Nc6 3. d4 cxd4 4. Nxd4 Nf6 5. Nc3 g6 6. Nxc6 dxc6 7. Qxd8+ Kxd8 8. Bg5 Bg7 9. O-O-O+ Ke8 10. Bc4 Ng4 11. h3 Nxf2 12. Bxf7+ Kxf7 13. Rhf1 Be6 14. Rxf2+ Ke8 15. Na4 b6 16. b3 Rd8 17. Rxd8+ Kxd8 18. Nb2 Rf8 19. Rxf8+ Bxf8 20. Nd3 Bg7 21. Kd2 Kd7 22. Ke3 c5 23. Nf4 Bf7 24. Nd3 Bd4+ 25. Ke2 c4 26. Nf4 e5 27. Bf6 cxb3 28. cxb3 exf4 29. Bxd4 Ke6 30. Kf3 g5 31. Kg4 h6 32. h4 Bg6 33. hxg5 hxg5 34. e5 Be4 35. Kxg5 Bxg2 36. Kxf4 Bd5 37. Ke3 a5 38. Bxb6 a4 39. Bd4 axb3 40. a4 Bc4 41. Kd2 Kd5 42. Bb2 Ba6 43. a5 Bc8 44. Bc3 Ba6 45. Kc1 Kc4 46. Kb2 Bc8 47. Be1 Kd4 48. Bg3 Kc4 49. Bf2 Kb4 50. Be1+ Kc4 51. Bc3 Be6 52. a6 Bd5 53. a7 Kb5 54. Be1 Ka6 55. Bf2 Kb7 56. Bd4 Ka8 57. Ka3 Be6 58. Kb2 Bf7 59. Kc3 Be6 60. Kb4 Bf7 61. Kb5 Be6 62. Kc6 Bg8 63. Kd6 Bc4 64. e6 Bxe6 65. Kxe6 b2 66. Bxb2 Kxa7 1/2-1/2


[Site "https://www.chess.com"]

[Event "Titled Tuesday Blitz November 22 Early 2022"]
[White "Kuznetsov, Mikhail"]
[Black "Beerdsen, Thomas"]
[WhiteFideId "4117190"]
[BlackFideId "1030108"]
[WhiteElo "1981"]
[BlackElo "2567"]
[Result "1/2-1/2"]
[Round "01"]
[TimeControl "180+1"]
[Date "2022.11.23"]
[WhiteClock "0:00:12"]
[BlackClock "0:00:19"]

1. Nf3 h6 2. g3 g5 3. Bg2 Bg7 4. d4 c5 5. dxc5 Nf6 6. O-O O-O 7. Nbd2 Nc6 8. c3 a5 9. a4 b6 10. cxb6 Qxb6 11. Nc4 Qc5 12. Na3 Ba6 13. Be3 Qf5 14. Nd4 Nxd4 15. Bxd4 Rab8 16. Nb5 Bxb5 17. axb5 Qxb5 18. Ra2 d6 19. Qd3 Qb3 20. Rfa1 Nd7 21. Bxg7 Kxg7 22. Bd5 Qb6 23. Rb1 Ne5 24. Qd4 e6 25. Bg2 Qxd4 26. cxd4 Nc4 27. Ra4 Nd2 28. Re1 Rxb2 29. Rxa5 d5 30. e3 Rc8 31. Raa1 g4 32. Re2 Rcc2 33. Rd1 h5 34. Kh1 Kh6 35. Rde1 Kg5 36. Kg1 h4 37. gxh4+ Kxh4 38. Bh1 Ra2 39. Bg2 Kg5 40. Bh1 Kf5 41. Bg2 Ne4 42. Rxc2 Rxc2 43. Bxe4+ Kxe4 44. Kg2 f5 45. Kg3 Rc3 46. Kg2 Ra3 47. Kg3 Ra8 48. Kg2 Rh8 49. Rc1 Rh6 50. Re1 Rf6 51. h3 gxh3+ 52. Kxh3 f4 53. exf4+ Kxd4 54. Kg4 Kc3 55. Kf3 d4 56. Ke4 d3 57. Re3 Kd2 58. Rxd3+ Ke2 59. Ra3 Kxf2 60. Ra2+ Kg3 61. Ra3+ Kg4 62. Ke5 Rh6 63. Ra4 Kf3 64. Ra3+ Kg4 65. Ra4 Kg3 66. Ra3+ Kh4 67. Ra4 Kh5 68. Ra6 Kg4 69. Ra3 Rh5+ 70. Kxe6 Kxf4 71. Ra4+ Ke3 72. Ra3+ Kd4 73. Ra4+ Kc3 74. Rf4 Kd3 75. Rf5 Rh6+ 76. Ke5 Ke3 77. Rg5 Ra6 78. Kf5 Kf3 79. Rg6 Ra5+ 80. Kf6 Kf4 81. Rg8 Ra6+ 82. Kg7 Kg5 83. Kf7+ Kf5 84. Rc8 Ra7+ 85. Ke8 Rh7 86. Rc6 Ke5 87. Kd8 Kd5 88. Rg6 Ke5 89. Ra6 Kd5 90. Ke8 Ke5 91. Rb6 Kd5 92. Ra6 Ke5 93. Rb6 Ra7 94. Rh6 Kd5 95. Rh5+ Ke6 96. Rh6+ Ke5 97. Rh5+ Kd6 98. Rh6+ Ke5 99. Rh5+ Ke6 100. Rh6+ Kd5 101. Rh5+ Kd6 102. Rh6+ Ke5 1/2-1/2


[Site "https://www.chess.com"]

[Event "Titled Tuesday Blitz November 22 Early 2022"]
[White "Lakshmi C"]
[Black "Gilmanov, Mansur"]
[WhiteFideId "25035347"]
[BlackFideId "4166868"]
[WhiteElo "1865"]
[BlackElo "2377"]
[Result "0-1"]
[Round "01"]
[TimeControl "180+1"]
[Date "2022.11.23"]
[WhiteClock "0:00:01"]
[BlackClock "0:00:14"]

1. e4 d5 2. exd5 Qxd5 3. Nc3 Qe5+ 4. Be2 Bg4 5. d4 Bxe2 6. Ngxe2 Qa5 7. O-O Nf6 8. b4 Qh5 9. Bf4 e6 10. Bxc7 Bxb4 11. Qd3 O-O 12. Nb5 a6 13. a3 Be7 14. Nbc3 Nc6 15. Ng3 Qg6 16. Nce4 Rac8 17. Bf4 Rfd8 18. c3 e5 19. Be3 Ng4 20. h3 exd4 21. cxd4 Nf6 22. Rfd1 Nd5 23. Qb3 Na5 24. Qa4 Nc4 25. Re1 f5 26. Nd2 Ncb6 27. Qb3 Rc3 28. Qa2 Rdc8 29. Ne2 Rc2 30. Qb1 f4 31. Nxf4 Nxf4 32. Bxf4 Nd5 33. Qb3 Qf7 34. Be5 Rxd2 35. Qxb7 Qxf2+ 0-1


[Site "https://www.chess.com"]

[Event "Titled Tuesday Blitz November 22 Early 2022"]
[White "Le Goff, Damien"]
[Black "Kowalczyk, Pawel"]
[WhiteFideId "634808"]
[BlackFideId "1130641"]
[WhiteElo "2352"]
[BlackElo "2324"]
[Result "1/2-1/2"]
[Round "01"]
[TimeControl "180+1"]
[Date "2022.11.23"]
[WhiteClock "0:00:06"]
[BlackClock "0:00:14"]

1. d4 Nf6 2. c4 c5 3. d5 e6 4. Nc3 exd5 5. cxd5 d6 6. Nf3 g6 7. Nd2 Bg7 8. e4 O-O 9. Be2 Na6 10. O-O Nc7 11. a4 b6 12. Rb1 Rb8 13. f3 Re8 14. Re1 a6 15. b4 Nd7 16. Qc2 cxb4 17. Rxb4 Nc5 18. Nc4 f5 19. Rxb6 Rxb6 20. Nxb6 fxe4 21. Nxc8 Qxc8 22. Nxe4 Qd7 23. Bc4 Qxa4 24. Qxa4 Nxa4 25. Bf4 Bd4+ 26. Kf1 Be5 27. Nxd6 Bxd6 28. Bxd6 Rxe1+ 29. Kxe1 Nb5 30. Bxb5 axb5 31. Kd2 Nb6 32. Kd3 Nxd5 33. Kd4 Nf6 34. Kc5 Kf7 35. Kxb5 Ke6 36. Bb8 Kd5 37. Kb4 Kd4 38. Ba7+ Kd3 39. Kc5 Ke2 40. Kd6 Kf1 41. g4 Kg2 42. g5 Nh5 43. Ke6 Kxf3 44. Kf7 Kf4 45. h4 Kg3 46. Kg8 Kxh4 47. Be3 Kg4 48. Kxh7 Kf5 49. Bc1 Ng3 50. Kh6 Ne4 51. Kh7 Nxg5+ 52. Kh6 Ne4 53. Kh7 Nf2 54. Kh6 Nd3 55. Bd2 Ne5 56. Bc1 Ng4+ 57. Kg7 Nf2 58. Kf7 Nd3 59. Bh6 Ne5+ 60. Ke7 Nd3 61. Kf7 Nf2 62. Ke7 Ng4 63. Bc1 Ne5 64. Bh6 Kg4 65. Kf6 Kh5 66. Bc1 Ng4+ 67. Kf7 Nf2 68. Kf6 Nd3 69. Bd2 Nc5 70. Kg7 Ne4 71. Bc1 Nf2 72. Kf6 Ng4+ 73. Kg7 Nh2 74. Kf6 Nf1 75. Kg7 Ng3 76. Kf6 Ne2 77. Bd2 Nd4 78. Kg7 Ne6+ 79. Kf6 Nc5 80. Kg7 Ne4 81. Bc1 Nf2 82. Kf6 1/2-1/2


[Site "https://www.chess.com"]